 Dungeon Crawl Stone Soup version 0.24-a0-518-g9d8d8d5b78 (webtiles) character file.

Game seed: 16058292254880020990

48 Gynju the Poker (level 3, -2/31 HPs)
             Began as a Minotaur Fighter on July 21, 2019.
             Slain by an adder (4 damage)
             ... on level 2 of the Dungeon on July 23, 2019.
             The game lasted 00:05:20 (1142 turns).

Gynju the Poker (Minotaur Fighter)                  Turns: 1142, Time: 00:05:21

Health: -2/31      AC:  6    Str: 21    XL:     3   Next: 50%
Magic:  2/2        EV:  7    Int:  5    God:
Gold:   63         SH:  9    Dex:  9    Spells: 2/2 levels left

rFire    . . .     SeeInvis .   a - +0 trident
rCold    . . .     Gourm    .   c - +0 shield
rNeg     . . .     Faith    .   b - +0 scale mail
rPois    .         Spirit   .   (helmet restricted)
rElec    .         Reflect  .   (no cloak)
rCorr    .         Harm     .   (no gloves)
MR       .....                  (no boots)
Stlth    ..........             (no amulet)
HPRegen  0.10/turn              (no ring)
MPRegen  0.08/turn              (no ring)

@: no status effects
A: retaliatory headbutt, horns 2
a: no special abilities


You were on level 2 of the Dungeon.
You were not hungry.

You visited 1 branch of the dungeon, and saw 2 of its levels.

You collected 63 gold pieces.

Inventory:

Hand Weapons
 a - a +0 trident (weapon)
Missiles
 j - 7 atropa-tipped darts (quivered)
 k - 19 poisoned darts
 l - 57 stones
Armour
 b - a +0 scale mail (worn)
 c - a +0 shield (worn)
Scrolls
 g - a scroll of noise {unknown}
 h - a scroll of remove curse {unknown}
 m - a scroll of teleportation {unknown}
 n - 3 scrolls of identify {unknown}
 o - a scroll of fear {unknown}
Potions
 d - a potion of might
 e - a potion of heal wounds {unknown}
 i - 2 potions of invisibility {unknown}
Comestibles
 f - 3 rations
 p - a chunk of flesh


   Skills:
 - Level 3.6 Fighting
 + Level 4.8 Polearms
 - Level 3.6 Armour
 - Level 3.6 Shields


You had 2 spell levels left.
You didn't know any spells.
Your spell library was empty.

Dungeon Overview and Level Annotations

Branches:
Dungeon (2/15)

Altars:


Innate Abilities, Weirdness & Mutations

You reflexively headbutt those who attack you in melee.
You have a pair of horns on your head.


Message History

The adder is lightly wounded.
You block the adder's attack.
You miss the adder.
The adder is lightly wounded.
You feel sick. The adder bites you but does no damage. The adder bites you.
* * * LOW HITPOINT WARNING * * *
You hit the adder. Your headbutt misses the adder.
The adder is heavily wounded.
The adder bites you but does no damage. The adder bites you but does no damage.
* * * LOW HITPOINT WARNING * * *
You feel sick. You block the adder's attack.
* * * LOW HITPOINT WARNING * * *
You feel sick.
There is an open door here.
You feel sick.
You are no longer poisoned.
The adder bites you.
You die...

#.......÷....###.
...............<...
###..........†.#..#
#............##..
#............##.#
#.............#..
############.............#..
.#..)...##....#########...#..
........K'SS@.............'>.
#......##....#########...#).
#......####### #...#..
######K.# #...#.. ##.##
#...##. #..# #...##. ##.#
######### #.# #.....# # #.#
#.....###


You could see 2 adders and a kobold.

Vanquished Creatures
  2 adders (D:2)
  An ooze (D:1)
  A leopard gecko (D:1)
  A giant cockroach (D:1)
  3 goblins
  4 hobgoblins
  8 kobolds
  2 ball pythons
  2 frilled lizards
  A rat (D:1)
25 creatures vanquished.

Notes
Turn   | Place    | Note
-------+----------+-------------------------------------------
     0 | D:1      | Gynju the Minotaur Fighter began the quest for the Orb.
     0 | D:1      | Reached XP level 1. HP: 19/19 MP: 0/0
     3 | D:1      | Upgraded the game from 0.24-a0-515-gbe7f5e2e8d to
                  | 0.24-a0-518-g9d8d8d5b78
   162 | D:1      | Reached skill level 3 in Polearms
   203 | D:1      | Reached XP level 2. HP: 23/26 MP: 1/1
   720 | D:1      | Reached skill level 4 in Polearms
   973 | D:2      | Reached XP level 3. HP: 28/31 MP: 2/2
  1142 | D:2      | Slain by an adder

Levels and vault maps discovered:
D:1:      wander_arrival_desolate, layout_loops_ring,
          chequers_serial_rivers_small_a
D:2:      minmay_recursive_quarters, layout_basic

Skill      XL: |  1  2 |
---------------+-------+-----
Polearms       | 3 4 |  4.8
Fighting       | |  3.6
Armour         | |  3.6
Shields        | |  3.6

Action                   || total
-------------------------++-------
Melee: Trident           ||    79
       Headbutt          ||     4
  Eat: Chunk             ||     1
Armor: Scale mail        ||    32
Dodge: Dodged            ||    13
Block: Shield            ||    34

Table legend:
 A = Non-vault XP
 B = Vault XP
 C = Vault XP percentage of total XP
 D = Non-vault monster count
 E = Vault monster count
 F = Vault count percentage of total count
                 A         B        C        D         E       F
            +---------+---------+-------+---------+---------+-------
      Total |      66 |       3 |   4.3 |      23 |       2 |   8.0
            +---------+---------+-------+---------+---------+-------
        D:1 |      32 |       0 |   0.0 |      16 |       0 |   0.0
        D:2 |      34 |       3 |   8.1 |       7 |       2 |  22.2
            +---------+---------+-------+---------+---------+-------
